 Dungeon Crawl Stone Soup version 0.28.0-47-ge53b351184 (webtiles) character file.

Game seed: 13240511460382208628

9947 Bruhh the Fighter (level 11, 0/85 HPs)
             Began as a Djinni Fire Elementalist on Apr 28, 2022.
             Slain by a cane toad (16 damage)
             ... on level 1 of the Lair of Beasts.
             The game lasted 00:24:31 (16645 turns).

Bruhh the Fighter (Djinni Fire Elementalist)       Turns: 16645, Time: 00:24:31

Health: 0/85       AC:  7    Str:  5 (7)  XL:     11   Next: 83%
Gold:   208        EV: 12    Int: 27 (28) God:
                   SH:  0    Dex: 12 (15)

rFire   + + .      SeeInvis .   C - +5 quick blade
rCold   x . .      Faith    .   (no shield)
rNeg    . . .      Spirit   .   A - +0 steam dragon scales
rPois   ∞          Reflect  .   (no helmet)
rElec   .          Harm     .   (no cloak)
rCorr   .          Rampage  .   (no gloves)
Will    ++...      Rage     1%  (boots unavailable)
Stlth   ++........              g - amulet of the acrobat
HPRegen 0.24/turn               s - +6 ring of intelligence
MPRegen 0.00/turn               (no ring)

@: flying
A: sickness immunity, fire resistance 2, cold vulnerability 1, float, innate
caster, HP casting, extra vitality 1, agile 1, berserk 1, strong-willed 1,
MP-powered wands
a: no special abilities


You were on level 1 of the Lair of Beasts.
You visited 2 branches of the dungeon, and saw 11 of its levels.

You collected 380 gold pieces.
You spent 172 gold pieces at shops.

Inventory:

Hand Weapons
 C - a +5 quick blade (weapon)
Missiles
 v - 2 throwing nets
 G - a curare-tipped dart
Armour
 a - a +0 robe
 A - +0 steam dragon scales (worn)
Jewellery
 g - an amulet of the acrobat (around neck)
 q - an amulet of faith
 s - a +6 ring of intelligence (left hand)
 u - a ring of ice
Wands
 p - a wand of iceblast (15)
 w - a wand of acid (9)
 D - a wand of flame (15)
Scrolls
 b - a scroll of identify
 c - 2 scrolls of immolation
 e - 2 scrolls of holy word
 f - 2 scrolls of vulnerability
 i - 5 scrolls of enchant weapon
 k - 3 scrolls of noise
 o - 2 scrolls of fear
 r - 3 scrolls of torment
 t - 2 scrolls of amnesia
 y - a scroll of teleportation
 E - a scroll of fog
 I - a scroll of summoning
 J - a scroll of magic mapping {unknown}
Potions
 d - 2 potions of brilliance
 h - a potion of haste
 l - a potion of degeneration
 m - 6 potions of might
 n - 3 potions of curing
 K - a potion of invisibility


   Skills:
 - Level 10.0 Fighting
 - Level 10.0 Armour
 - Level 2.1 Dodging
 - Level 1.5 Stealth
 + Level 8.9 Spellcasting


You couldn't memorise any spells.
You knew the following spells:

 Your Spells              Type           Power      Damage    Failure   Level
a - Foxfire               Conj/Fire      100%       2x1d9     1%          1
b - Scorch                Fire           100%       2d10      1%          2
c - Conjure Flame         Conj/Fire      57%        6-21      1%          3
d - Inner Flame           Hex/Fire       57%        N/A       1%          3
e - Flame Wave            Conj/Fire      57%        2d11      1%          4
f - Slow                  Hex            100%       N/A       1%          1
g - Corpse Rot            Necr/Air       100%       N/A       1%          2
h - Portal Projectile     Hex/Tloc       100%       N/A       1%          3
i - Summon Lightning Spi  Summ/Air       57%        N/A       1%          4
j - Lee's Rapid Deconstr  Erth           28%        3d16*     3%          5
Your spell library was empty.

Dungeon Overview and Level Annotations

Branches:
Dungeon (10/15)            Temple (0/1) D:7            Lair (1/6) D:10
    Orc: D:9-12

Altars:
Ashenzari
Cheibriados
Elyvilon
Gozag
Kikubaaqudgha
Okawaru
Uskayaw
Vehumet
Wu Jian

Shops:
D:7 [   D:10 *


Innate Abilities, Weirdness & Mutations

You are immune to sickness and miasma.
You are immune to poison.
Your flesh is very heat resistant. (rF++)
You are vulnerable to cold. (rC-)
You float through the air rather than walking.
You learn spells naturally, not from books.
Your magical power is your life essence.
You have superior vitality. (+4 MHP)
You are agile. (Dex +2)
You tend to lose your temper in combat.
You are strong-willed. (Will+)
You expend health (3 HP) to strengthen your wands.


Message History

The cane toad's fire resistance burns away.
The cane toad completely misses you. The bullfrog barely misses you.
Flames lash the bullfrog.
The bullfrog is almost dead.
The bullfrog's fire resistance burns away.
The bullfrog hits you.
The cane toad stings you but does no damage.
Flames lash the bullfrog.
The bullfrog is burned terribly!
You kill the bullfrog!
The cane toad stings you!
Flames lash the komodo dragon.
The komodo dragon is lightly wounded.
The komodo dragon's fire resistance burns away.
The cane toad barely misses you.
The komodo dragon bites you but does no damage.
Flames lash the komodo dragon.
The komodo dragon is burned terribly!
The komodo dragon is moderately wounded.
The cane toad barely misses you. The komodo dragon closely misses you.
The cane toad stings you!
Flames lash the cane toad.
The cane toad is burned terribly!
The cane toad is almost dead.
The komodo dragon bites you!! The cane toad stings you!
* * * LOW HITPOINT WARNING * * *
You are too injured to fight recklessly!
You are too injured to fight recklessly!
You are too injured to fight recklessly!
You are too injured to fight recklessly!
The komodo dragon hisses menacingly.
The cane toad closely misses you.
The komodo dragon is no longer more vulnerable to fire.
The komodo dragon hisses menacingly.
The cane toad barely misses you.
The cane toad is no longer more vulnerable to fire.
The komodo dragon hisses menacingly.
Casting: Scorch (safe; 1% risk of failure)
Confirm with . or Enter, or press ? or * to list all spells.
An electric hum fills the air.
* * * LOW HITPOINT WARNING * * *
The komodo dragon barely misses you. The cane toad stings you!
You die...

#..............
#..............
#P####....###.
## #....P#
##...## #...###
#...#.###
#######lF......
#.....8@.......
#..............
#........####..
##........# #.
#.........#
##.......<#
#P......:#
#P........#
##........#


You could see a komodo dragon (ally target), a cane toad and a friendly
lightning spire (summoned).

Vanquished Creatures
  A two-headed ogre (D:10)
  A wolf spider (D:10)
  2 kobold demonologists (D:10)
  A komodo dragon (D:10)
  A troll (D:9)
  Sigmund (D:3)
  A shadow (D:10)
  9 yaks (D:10)
  A vampire (D:9)
  3 wyverns
  3 steam dragons
  A basilisk (D:7)
  Edmund (D:6)
  An acid dragon (D:10)
  A water moccasin (D:5)
  2 ogres
  5 orc warriors
  2 ice beasts
  2 sky beasts (D:5)
  2 black bears
  5 centaurs
  2 phantoms
  3 kobold brigands
  2 bullfrogs
  2 gnoll sergeants (D:8)
  2 scorpions
  2 wyvern skeletons
  5 killer bees
  11 wights
  2 howler monkeys
  Crazy Yiuf (D:3)
  2 bullfrog zombies (D:5)
  8 centaur zombies
  A bullfrog skeleton (D:4)
  3 orc priests
  2 gnoll shamans
  4 hounds
  2 jellies
  A centaur skeleton (D:4)
  Ijyb (D:3)
  Terence (D:3)
  A scorpion zombie (D:5)
  4 orc wizards
  A howler monkey zombie (D:9)
  8 adders
  11 gnolls
  4 white imps
  An ufetubus (D:5)
  An adder skeleton (D:4)
  3 worms
  2 dart slugs
  13 orcs
  6 endoplasms
  A giant cockroach (D:2)
  10 goblins
  4 hobgoblins
  6 jackals
  2 quokkas
  11 ball pythons
  9 bats
  4 frilled lizards
  21 kobolds
  4 rats
230 creatures vanquished.

Vanquished Creatures (collateral kills)
  A wyvern skeleton (D:7)
  2 wights (D:9)
  A howler monkey (D:9)
  A jelly (D:7)
  2 orc wizards (D:9)
  3 gnolls (D:8)
  5 orcs (D:9)
  2 foxfires (D:1)
17 creatures vanquished.

Vanquished Creatures (others)
  36 foxfires (D:1)
  41 plants
77 creatures vanquished.

Grand Total: 324 creatures vanquished

Notes
Turn   | Place    | Note
-------+----------+-------------------------------------------
     0 | D:1      | Bruhh the Djinni Fire Elementalist began the quest for the
                  | Orb.
     0 | D:1      | Reached XP level 1. HP: 15/15 MP: 0/0
   356 | D:1      | Reached XP level 2. HP: 3/21 MP: 0/0
  1078 | D:1      | Reached XP level 3. HP: 23/25 MP: 0/0
  1078 | D:1      | Learned a level 1 spell: Slow
  1268 | D:1      | Found a faded altar of an unknown god.
  2213 | D:2      | Reached XP level 4. HP: 14/31 MP: 0/0
  2621 | D:2      | Found an opulent altar of Gozag.
  3202 | D:3      | Noticed Sigmund
  3206 | D:3      | Killed Sigmund
  3207 | D:3      | Reached skill level 5 in Spellcasting
  3207 | D:3      | Reached XP level 5. HP: 28/35 MP: 0/0
  3207 | D:3      | Learned a level 2 spell: Corpse Rot
  3207 | D:3      | Reached XP level 6. HP: 32/40 MP: 0/0
  3280 | D:3      | Noticed Terence
  3290 | D:3      | Killed Terence
  3965 | D:3      | Found a runed translucent door.
  3966 | D:3      | Noticed Crazy Yiuf
  4371 | D:3      | Noticed Ijyb
  4376 | D:3      | Killed Ijyb
  4490 | D:3      | Found an iron altar of Okawaru.
  4650 | D:3      | Killed Crazy Yiuf
  4651 | D:3      | Reached XP level 7. HP: 16/45 MP: 0/0
  4651 | D:3      | Learned a level 3 spell: Portal Projectile
  5235 | D:4      | Found a broken altar of Ashenzari.
  6144 | D:5      | Entered Level 5 of the Dungeon
  6212 | D:5      | Reached XP level 8. HP: 35/50 MP: 0/0
  6421 | D:5      | Reached skill level 1 in Fighting
  6421 | D:5      | Reached skill level 1 in Armour
  7217 | D:5      | Reached XP level 9. HP: 28/62 MP: 0/0
  7217 | D:5      | Learned a level 4 spell: Summon Lightning Spire
  7661 | D:6      | Noticed Edmund
  7667 | D:6      | Killed Edmund
  8235 | D:6      | Reached skill level 5 in Fighting
  8235 | D:6      | Reached skill level 5 in Armour
  9263 | D:7      | HP: 2/67 [cloud of flame (5)]
  9913 | D:7      | Found a staircase to the Ecumenical Temple.
 10130 | D:7      | Reached XP level 10. HP: 28/73 MP: 0/0
 10836 | D:7      | Found Qoheed's Armour Shop.
 11686 | D:8      | Found a white marble altar of Elyvilon.
 13007 | D:8      | Found a snail-covered altar of Cheibriados.
 13556 | D:9      | Found a hide-covered altar of Uskayaw.
 13621 | D:9      | Reached XP level 11. HP: 78/84 MP: 0/0
 13621 | D:9      | Learned a level 5 spell: Lee's Rapid Deconstruction
 14035 | D:10     | Entered Level 10 of the Dungeon
 14091 | D:10     | Reached skill level 10 in Fighting
 14095 | D:10     | Reached skill level 10 in Armour
 14323 | D:10     | Found an ornate altar of the Wu Jian Council.
 14556 | D:10     | Found Uris's General Store.
 14781 | D:10     | Bought a scroll of summoning for 142 gold pieces
 14781 | D:10     | Bought a scroll of identify for 30 gold pieces
 14821 | D:10     | Noticed a two-headed ogre
 14829 | D:10     | Killed a two-headed ogre
 15295 | D:10     | Found a staircase to the Lair.
 15406 | D:10     | Noticed a wolf spider
 15409 | D:10     | Killed a wolf spider
 15906 | D:10     | Gained mutation: You tend to lose your temper in combat.
                  | [potion of mutation]
 15906 | D:10     | Gained mutation: You are agile. (Dex +2) [potion of
                  | mutation]
 15906 | D:10     | Gained mutation: You are strong-willed. (Will+) [potion of
                  | mutation]
 15906 | D:10     | Gained mutation: You expend health (3 HP) to strengthen
                  | your wands. [potion of mutation]
 16591 | Lair:1   | Entered Level 1 of the Lair of Beasts
 16645 | Lair:1   | Slain by a cane toad

Illustrated notes

Levels and vault maps discovered:
D:1:      dpeg_arrival_arbitrary_a, layout_loops_cross,
          dreamdust_ecumenical_altar_hidden_monk_grotto, nicolae_grassy_gnolls
D:2:      layout_basic, basic_altar
D:3:      layout_basic, mainiacjoe_overflow_six_doors_small,
          nicolae_figureground_sparkle, uniq_sigmund, uniq_terence, uniq_ijyb,
          uniq_crazy_yiuf_cottage
D:4:      layout_cave_pools, lemuel_coloured_pillars_altar,
          nicolae_ashenzari_panopticon, hangedman_decor_peaks_small,
          kennysheep_generic_room_6
D:5:      layout_loops_ring, eino_curves_04, grunt_ministairs_8
D:6:      layout_gridville, skrybe_limestone_x, uniq_edmund
D:7:      nzn_winding_woodlands_small [nzn_winding_woodlands_5x15_cabin,
          nzn_winding_woodlands_center_lodge,
          nzn_winding_woodlands_5x15_concentric], layout_basic,
          minmay_temple_entry_sparse_star, serial_co_window_serial,
          co_window_of_opportunity_a, co_window_paths_a, co_window_paths_a,
          co_window_paths_a, co_window_of_opportunity_a, co_window_paths_a,
          co_window_corner_a, co_window_corner_a, co_window_cross_1,
          co_window_2corner, co_window_unsneaky_path_a, co_window_cross_3,
          co_window_cross_2, glass_columns_b, serial_shops,
          nicolae_lakefront_shop
D:8:      layout_layer_cave, kennysheep_mini, cheibrodos_worm_habitat
D:9:      layout_long_grid, amethyst_overflow_temple_binary
D:10:     layout_basic, nzn_wu_jian_council_hall, david_lair_shrubbed,
          serial_shops, shop
Lair:1:   layout_small_grid

Skill      XL: |  1  2  3  4  5  6  7  8  9 10 11 |
---------------+----------------------------------+-----
Spellcasting   | 3 5 6 7 8 |  8.9
Fighting       | 4 6 9 10 | 10.0
Armour         | 4 6 9 10 | 10.0
Dodging        | |  2.1
Stealth        | |  1.5

Action                   |  1- 3 |  4- 6 |  7- 9 | 10-12 || total
-------------------------+-------+-------+-------+-------++-------
Melee: Unarmed           |     5 |     4 |     5 |       ||    14
       Quick blade       |       |       |       |     8 ||     8
 Cast: Foxfire           |    21 |       |       |       ||    21
       Scorch            |    33 |    53 |   153 |   153 ||   392
       Inner Flame       |       |     3 |     5 |    22 ||    30
       Portal Projectile |       |       |     1 |     1 ||     2
       Summon Lightning  |       |       |     2 |    10 ||    12
       Flame Wave        |       |       |     1 |     8 ||     9
       Lee's Rapid Decon |       |       |       |     7 ||     7
  Use: Scroll            |       |       |     1 |     9 ||    10
       Potion            |       |       |       |    11 ||    11
Armor: Robe              |     5 |     4 |    16 |       ||    25
       Steam dragon scal |       |       |     7 |    28 ||    35
Dodge: Dodged            |    15 |    25 |    69 |    81 ||   190
